 Dungeon Crawl Stone Soup version 0.28.0-53-g5a82cb258f (webtiles) character file.

Game seed: 7638629144522628963

956 safid the Cleaver (level 8, 0/66 HPs)
             Began as a Hill Orc Fighter on July 11, 2022.
             Was a Follower of Beogh.
             Succumbed to a gnoll sergeant's poison
             ... on level 5 of the Dungeon.
             The game lasted 00:07:50 (5159 turns).

safid the Cleaver (Hill Orc Fighter)                Turns: 5159, Time: 00:07:50

Health: 0/66       AC: 12    Str: 21    XL:     8   Next: 14%
Magic:  8/8        EV:  9    Int:  8    God:    Beogh [*.....]
Gold:   235        SH:  9    Dex: 10    Spells: 7/7 levels left

rFire   . . .      SeeInvis .   a - +0 war axe
rCold   . . .      Faith    .   c - +0 buckler
rNeg    . . .      Spirit   .   b - +0 scale mail
rPois   .          Reflect  +   y - +0 helmet
rElec   .          Harm     .   j - +2 cloak
rCorr   .          Rampage  .   k - +0 pair of gloves
Will    .....                   (no boots)
Stlth   ..........              h - amulet of reflection
HPRegen 0.21/turn               (no ring)
MPRegen 0.11/turn               (no ring)

@: lethally poisoned (0 -> -14)
A: no striking features
a: Renounce Religion


You were on level 5 of the Dungeon.
You worshipped Beogh.
Beogh was aware of your devotion.
You visited 1 branch of the dungeon, and saw 5 of its levels.

You collected 235 gold pieces.

Inventory:

Hand Weapons
 a - a +0 war axe (weapon)
Missiles
 q - 5 javelins (quivered)
Armour
 b - a +0 scale mail (worn)
 c - a +0 buckler (worn)
 j - a +2 cloak (worn)
 k - a +0 pair of gloves (worn)
 y - a +0 helmet (worn)
Jewellery
 h - an amulet of reflection (around neck)
 n - a ring of magical power
 v - a +6 ring of intelligence
Scrolls
 d - 2 scrolls of enchant weapon {unknown}
 e - 3 scrolls of teleportation {unknown}
 f - 11 scrolls of identify {unknown}
 i - 2 scrolls of fog {unknown}
 m - 2 scrolls of amnesia {unknown}
 s - a scroll of magic mapping {unknown}
 u - a scroll of blinking {unknown}
 w - a scroll of noise {unknown}
 x - a scroll of holy word {unknown}
Potions
 g - 2 potions of flight
 o - a potion of resistance {unknown}
 r - 2 potions of curing {unknown}
 t - a potion of lignification {unknown}


   Skills:
 - Level 4.0 Fighting
 + Level 11.4 Axes
 - Level 4.0 Armour
 - Level 4.0 Shields


You had 7 spell levels left.
You didn't know any spells.
Your spell library was empty.

Dungeon Overview and Level Annotations

Branches:
Dungeon (5/15)             Temple (0/1) D:5

Altars:
Cheibriados
Fedhas
Uskayaw

Shops:
D:4 (

Annotations:
D:3 Pargi, Terence
D:5 1 runed translucent door, 1 transporter, Crazy Yiuf


Message History

You hit Valamore's ghost.
Valamore's ghost is severely damaged.
The gnoll misses you. You block Valamore's ghost's attack.
The gnoll sergeant hits you but does no damage.
You are poisoned.
You hit Valamore's ghost.
Valamore's ghost is almost destroyed.
You feel very sick. You block the gnoll's attack.
You block Valamore's ghost's attack. You block the gnoll sergeant's attack.
You slash Valamore's ghost!
You destroy Valamore's ghost!
Beogh accepts your kill.
You feel sick.
The gnoll hits you from afar with a +1 spear of pain!
The gnoll sergeant hits you from afar with a +0 trident of venom!
* * * LOW HITPOINT WARNING * * *
Your Axes skill increases to level 11!
You have reached level 8!
Unknown command.
You feel sick.
The gnoll hits you with a +1 spear of pain.
* * * LOW HITPOINT WARNING * * *
Unknown command.
You slash the gnoll!
The gnoll is almost dead.
You feel sick. You block the gnoll's attack.
The gnoll sergeant hits you from afar with a +0 trident of venom.
* * * LOW HITPOINT WARNING * * *
You are lethally poisoned!
Unknown command.
You slice the gnoll!!
You kill the gnoll!
Beogh accepts your kill.
* * * LOW HITPOINT WARNING * * *
You feel very sick. You block the gnoll sergeant's attack.
Unknown command.
You closely miss the gnoll.
You die...

#..≈≈≈≈≈≈≈≈≈≈≈...≈≈≈≈≈≈≈≈≈≈≈.##..
#..≈≈#####...........#####≈≈.....
#..≈≈#.#.#.###.©.###.#g#.#≈≈..)##
#..≈≈#...###g#####g###...#≈≈(...#
#..≈≈###.......g.......###≈≈...##
#..≈≈.8#.######g######.#8.≈≈....#
#..≈≈.##.#ggW#8.g#.⌠.#.##.≈≈.....
#..≈≈.#..'..:#⌠©g....'..#.≈≈.....
#..≈≈.##.#...#8)@#.⌠.#.##.≈≈.....
#..≈≈.8#.######)######.#8.≈≈.#.#.
##.≈≈###...........g...###≈≈.#...
#.≈≈#...###©#####.###.Wg#≈≈.#...
#.≈≈#.#.#.###.©.###.#.#W#≈≈.#...
#.≈≈#####...........#####≈≈.....
#.≈≈≈≈≈≈≈≈≈≈≈≈≈≈≈≈≈≈≈≈≈≈≈≈≈.....
#.≈≈≈≈≈≈≈≈≈≈≈≈≈≈≈≈≈≈≈≈≈≈≈≈≈....#
#..............................#


You could see a gnoll sergeant and 3 gnolls.

Vanquished Creatures
  The ghost of Valamore the Twirler, an amateur GnWn of Uskayaw (D:5)
  Edmund (D:4)
  A black bear (D:5)
  A necrophage (D:5)
  5 killer bees (D:5)
  A hound (D:5)
  2 orc priests (D:4)
  Jessica (D:3)
  2 iguanas (D:4)
  A mummy (D:3)
  7 adders
  2 gnolls (D:5)
  An ufetubus (D:5)
  2 dart slugs
  5 orcs
  2 endoplasms
  3 giant cockroaches
  10 goblins
  3 hobgoblins
  3 jackals (D:1)
  A kobold (D:3)
  3 quokkas
  5 ball pythons
  2 bats (D:1)
  3 frilled lizards
  4 rats
72 creatures vanquished.

Vanquished Creatures (others)
  An orc priest (D:4)
  An orc wizard (D:4)
  2 orcs (D:4)
  6 plants (D:5)
10 creatures vanquished.

Grand Total: 82 creatures vanquished

Notes
Turn   | Place    | Note
-------+----------+-------------------------------------------
     0 | D:1      | safid the Hill Orc Fighter began the quest for the Orb.
     0 | D:1      | Reached XP level 1. HP: 19/19 MP: 1/1
   277 | D:1      | Found a faded altar of an unknown god.
   356 | D:1      | Reached XP level 2. HP: 27/27 MP: 2/2
   375 | D:1      | Reached skill level 3 in Axes
  1100 | D:2      | Reached XP level 3. HP: 27/33 MP: 3/3
  1754 | D:3      | Found a hide-covered altar of Uskayaw.
  1760 | D:3      | Noticed Pargi
  1825 | D:3      | Found a blossoming altar of Fedhas.
  1849 | D:3      | Noticed Terence
  1869 | D:3      | HP: 1/33 [Terence/puff of flame (7)]
  2297 | D:3      | Reached XP level 4. HP: 18/40 MP: 4/4
  2519 | D:3      | Reached skill level 4 in Axes
  2521 | D:3      | Noticed Jessica
  2537 | D:3      | Killed Jessica
  2729 | D:3      | Found a snail-covered altar of Cheibriados.
  2737 | D:3      | Reached skill level 5 in Axes
  3074 | D:3      | Reached XP level 5. HP: 46/46 MP: 5/5
  3148 | D:4      | Found Ytromiep's Weapon Emporium.
  3181 | D:4      | Noticed Edmund
  3190 | D:4      | Killed Edmund
  3191 | D:4      | Reached skill level 6 in Axes
  3191 | D:4      | Reached XP level 6. HP: 28/52 MP: 6/6
  3394 | D:4      | Reached skill level 7 in Axes
  3469 | D:4      | Became a worshipper of Beogh the Brigand
  3956 | D:4      | Reached skill level 8 in Axes
  4131 | D:5      | Entered Level 5 of the Dungeon
  4144 | D:5      | Found a staircase to the Ecumenical Temple.
  4201 | D:5      | Identified the +0 ring mail "Ulor" {+Blink Int+3 Stlth+}
  4485 | D:5      | Noticed a necrophage
  4494 | D:5      | Reached XP level 7. HP: 59/59 MP: 7/7
  4495 | D:5      | Reached skill level 9 in Axes
  4519 | D:5      | Reached skill level 10 in Axes
  4763 | D:5      | Found a runed translucent door.
  4764 | D:5      | Noticed Crazy Yiuf
  4789 | D:5      | Reached * piety under Beogh
  4888 | D:5      | Found a transporter.
  4948 | D:5      | Found a transporter.
  4952 | D:5      | Noticed Valamore's ghost (amateur GnWn)
  5155 | D:5      | Killed Valamore's ghost
  5156 | D:5      | Reached skill level 11 in Axes
  5156 | D:5      | Reached XP level 8. HP: 16/66 MP: 8/8
  5158 | D:5      | HP: 3/66 [poisoned by a gnoll sergeant]
  5159 | D:5      | Succumbed to a gnoll sergeant's poison

Illustrated notes

Levels and vault maps discovered:
D:1:      lemuel_arrival_rhombus, layout_basic, basic_ecumenical_altar,
          nrook_loot_triangle
D:2:      layout_loops_ring
D:3:      layout_loops_ring, fedhas_altar_1, slow_altar_2,
          mainiacjoe_overflow_concentric_impassable, uniq_terence, uniq_pargi,
          uniq_jessica
D:4:      layout_loops_cross, serial_shops, shop_statue, grunt_decor_junction,
          grunt_decor_arrowhead, uniq_edmund
D:5:      layout_cave_pools, minmay_temple_entry_butterflies,
          gammafunk_ghost_gnarly_gnolls, kennysheep_generic_room_10,
          uniq_crazy_yiuf_cottage

Skill      XL: |  1  2  3  4  5  6  7 |
---------------+----------------------+-----
Axes           | 3 5 6 8 11 | 11.4
Fighting       | 4 |  4.0
Armour         | 4 |  4.0
Shields        | 4 |  4.0

Action                   |  1- 3 |  4- 6 |  7- 9 || total
-------------------------+-------+-------+-------++-------
Melee: War axe           |   114 |   104 |    46 ||   264
Invok: Convert to Beogh  |       |     1 |       ||     1
  Use: Potion            |       |     1 |     3 ||     4
Armor: Scale mail        |    65 |    48 |    28 ||   141
Dodge: Dodged            |    65 |    54 |    26 ||   145
Block: Buckler           |    28 |    18 |    23 ||    69
